 Dungeon Crawl Stone Soup version 0.19-a0-682-g708bd0e (webtiles) character file.

223 AlphabetPasta the Charlatan (level 6, -1/57 HPs)
             Began as an Ogre Artificer on June 17, 2016.
             Slain by a giant frog (6 damage)
             ... in a sewer.
             The game lasted 00:15:28 (4370 turns).

AlphabetPasta the Charlatan (Ogre Artificer)        Turns: 4370, Time: 00:15:29

Health: -1/57      AC:  3    Str: 18    XL:     6   Next: 0%
Magic:  8/8        EV: 11    Int: 10    God:
Gold:   124        SH:  0    Dex: 12    Spells: 0 memorised, 5 levels left

rFire  . . .     SeeInvis .     l - +0 club
rCold  . . .     Gourm    .     b - +0 robe
rNeg   . . .     Faith    .     (no shield)
rPois  .         Spirit   .     (helmet restricted)
rElec  .         Dismiss  .     (no cloak)
rCorr  .         Reflect  .     (gloves unavailable)
SustAt .         Harm     .     (boots unavailable)
MR     .....                    (no amulet)
Stlth  +.........               (no ring)
                                (no ring)

@: lethally poisoned (-1 -> -4), not resistant to hostile enchantments, very
unstealthy
A: unfitting armour, tough skin 1
a: no special abilities


You were in a sewer.
You were hungry.

You visited 1 branch of the dungeon, and saw 3 of its levels.
You also visited: Sewer.

You collected 124 gold pieces.

Inventory:

Hand Weapons
 a - a +0 short sword
 l - a +0 club (weapon)
Missiles
 g - 2 exploding tomahawks (quivered)
Armour
 b - a +0 robe (worn)
Jewellery
 j - an uncursed ring of fire {unknown}
Wands
 c - a wand of flame (1/48)
 d - a wand of enslavement (12/24)
 e - a wand of random effects (5/48)
Scrolls
 i - 2 scrolls of identify
 n - 2 scrolls of magic mapping
 o - a scroll of teleportation {unknown}
 q - a scroll of remove curse {unknown}
 r - a scroll of noise {unknown}
Potions
 p - a potion of mutation
Comestibles
 f - 3 bread rations
 h - a chunk of flesh
 m - 4 meat rations


   Skills:
 - Level 1.7 Fighting
 - Level 0.5 Short Blades
 * Level 2.2 Maces & Flails
 + Level 0.2 Throwing
 + Level 3.6 Dodging
 + Level 1.1 Stealth
 * Level 3.9 Evocations


You had 5 spell levels left.
You didn't know any spells.

Dungeon Overview and Level Annotations

Branches:
Dungeon (3/15)

Altars:
Gozag
The Shining One


Innate Abilities, Weirdness & Mutations

You are too large for most types of armour.
You have tough skin. (AC +1)


Message History

The adder bites you.
* * * LOW HITPOINT WARNING * * *
As you read the scroll of fear, it crumbles to dust.
You assume a fearsome visage.
The giant frog looks frightened! x2
The ooze looks frightened!
The adder looks frightened!
You feel sick.
Cornered, the giant frog turns to fight!
Evoke which item? (* to show all) (? for menu, Esc to quit)
Zapping:
e - a wand of random effects (6/48)
Press: ? - help, Shift-Dir - straight line, f/p - giant frog
Aim: a giant frog (lightly wounded)
The giant frog looks slightly unstable.
This wand has 5 charges left.
You feel sick.
Evoke which item? (* to show all) (? for menu, Esc to quit)
Zapping:
c - a wand of flame (2/48)
Press: ? - help, Shift-Dir - straight line, f/p - giant frog
Aim: a giant frog (lightly wounded)
The puff of flame hits the giant frog.
The giant frog is moderately wounded.
This wand has 1 charge left.
You feel sick. The giant frog hits you.
You die...

≈≈≈##≈≈≈## ≈≈....≈≈≈##≈÷≈##.≈≈##
≈≈≈#≈≈≈≈# ≈..$!?.≈≈≈#≈≈≈≈#≈≈≈.#
.≈≈#.≈≈.# ≈≈≈F(J..≈≈#≈≈≈≈#≈≈.∩#
≈≈.#≈.≈≈# .≈≈≈.S≈≈≈≈#≈≈≈≈#≈≈≈.#
≈≈†##≈≈≈## ≈.≈≈≈≈.F≈≈#≈≈≈##.≈≈##
≈≈≈.#.≈.≈## ≈..≈.≈≈..F#≈.≈#≈.≈≈#
#≈.≈##≈≈≈≈###≈≈≈≈≈#≈.##≈≈##≈≈≈##
#≈≈≈≈##≈≈≈.≈#######≈≈#≈≈##≈..≈#
##≈≈≈≈###≈≈≈≈≈.≈@F†≈##≈÷#≈.≈≈##
##.≈≈≈≈####≈≈≈≈≈≈..#≈≈≈.≈≈≈##
##÷≈≈≈≈≈≈#≈∩≈#######≈≈.####
#####≈≈≈≈#####≈...≈#.≈##
#∩≈≈####≈≈≈≈≈≈..≈≈≈####
#≈...≈#########≈≈≈#
#.∩..≈≈≈≈≈..≈≈..#
#####.≈≈≈≈≈≈.≈≈.# #############


You could see a giant frog.

Vanquished Creatures
  A jelly (D:2)
  6 adders
  7 oozes (Sewer)
  2 dart slugs
  13 giant geckos
  13 ball pythons (Sewer)
  9 bats
  20 giant cockroaches
  5 goblins
  5 hobgoblins
  6 giant newts
  2 kobolds
  5 rats
94 creatures vanquished.

Vanquished Creatures (others)
  An adder (Sewer)
1 creature vanquished.

Grand Total: 95 creatures vanquished

Notes
Turn   | Place    | Note
--------------------------------------------------------------
     0 | D:1      | AlphabetPasta the Ogre Artificer began the quest for the Orb.
     0 | D:1      | Reached XP level 1. HP: 19/19 MP: 2/2
   164 | D:1      | Reached XP level 2. HP: 21/27 MP: 4/4
  1008 | D:2      | Reached XP level 3. HP: 35/35 MP: 5/5
  1137 | D:2      | Found an opulent altar of Gozag.
  1140 | D:2      | Found a glowing golden altar of the Shining One.
  1255 | D:2      | Noticed Terence
  1256 | D:2      | Noticed Terence
  1256 | D:2      | Terence changed into Terence the jelly
  1258 | D:2      | Killed Terence the jelly
  1258 | D:2      | Reached skill level 1 in Maces & Flails
  1258 | D:2      | Reached XP level 4. HP: 42/42 MP: 6/6
  1473 | D:2      | Reached skill level 1 in Stealth
  1684 | D:3      | Found a glowing drain.
  1903 | Sewer    | Entered a sewer
  2001 | Sewer    | Reached XP level 5. HP: 24/49 MP: 7/7
  4350 | Sewer    | Reached XP level 6. HP: 53/57 MP: 8/8
  4370 | Sewer    | Slain by a giant frog

Vault maps used:
D:1:      shiori_shiawase
D:2:      gammafunk_temple_overflow_statue, uniq_terence
D:3:      serial_glass, glass_columns_a, glass_columns_a, glass_columns_a,
          glass_columns_a, glass_columns_a, glass_columns_c, glass_columns_a,
          glass_columns_c, glass_columns_a, glass_columns_b, glass_columns_b,
          glass_columns_a, glass_columns_a, glass_columns_a, first_bread,
          gup_sewer_entry_glass, uniq_robin, uniq_natasha
Sewer:    sewer_frog_island_02

Skill      XL: |  1  2  3  4  5 |
---------------+----------------+-----
Evocations     | 3 |  3.9
Dodging        | 2 3 |  3.6
Maces & Flails | 1 2 |  2.2
Stealth        | 1 |  1.1
Fighting       | |  1.7
Short Blades   | |  0.5
Throwing       | |  0.2

Action                   |  1- 3 |  4- 6 || total
-------------------------+-------+-------++-------
Melee: Short sword       |    95 |     3 ||    98
       Club              |       |   349 ||   349
Throw: Tomahawk          |     2 |       ||     2
Evoke: Wand              |     5 |    22 ||    27
  Use: Scroll            |       |     5 ||     5
       Potion            |       |     1 ||     1
 Stab: Sleeping          |     1 |     1 ||     2
  Eat: Chunk             |     1 |     9 ||    10
       Pizza             |       |     1 ||     1
Armor: Robe              |    32 |   126 ||   158
Dodge: Dodged            |    44 |   256 ||   300
